General information
			
			
        
        - name: BNet
 
        - type: Ladder team game (AT/RT)
 
        - host: Battle.net
 
        - saver: TOILET-CLEANER
 
        
map: Mur'gulOasis 
        - players: 8
 
        - length: 60:21
 
        - speed: Fast
 - version: 1.28 W3XP
 - replay type:  Public
 
» download(429 KB)
Players
        team 1 (winner) 
              
              
Junkie_Cum_SIut (
red | 28 APM | 1677 actions | 59:03)
              
 6 Mountain King 
 3 Storm Bolt
 2 Bash
 1 Avatar
 4 Paladin 
 2 Holy Light
 1 Divine Shield
 1 Devotion Aura
 
                » actions 
                
                | Assign group hotkey | 33 |  | 
| Basic commands | 1 |  | 
| Build / train | 96 |  | 
| Enter build submenu | 24 |  | 
| Enter hero's abilities submenu | 10 |  | 
| Give item / drop item | 4 |  | 
| Remove unit from queue | 2 |  | 
| Right click | 900 |  | 
| Select / deselect | 295 |  | 
| Select group hotkey | 202 |  | 
| Use ability | 110 |  | 
                1677 total
 » units 
                
                | Peasant | 10 |  | 
| Footman | 3 |  | 
| Rifleman | 2 |  | 
| Mortar Team | 11 |  | 
| Siege Engine | 4 |  | 
| Spell Breaker | 4 |  | 
| Knight | 3 |  | 
| Gryphon Rider | 3 |  | 
                40 total
 » upgrades
                
                | Masonry | 3 |  | 
| Gunpowder | 2 |  | 
| Lumber Harvesting | 2 |  | 
| Swords | 2 |  | 
| Magic Sentry | 1 |  | 
| Barrage | 1 |  | 
| Plating | 1 |  | 
| Animal War Training | 1 |  | 
| Storm Hammers | 1 |  | 
                14 total
 » buildings
                
                | Altar of Kings | 1 |  | 
| Farm | 12 |  | 
| Barracks | 1 |  | 
| Lumber Mill | 1 |  | 
| Arcane Vault | 1 |  | 
| Blacksmith | 1 |  | 
| Keep | 1 |  | 
| Scout Tower | 6 |  | 
| Arcane Tower | 2 |  | 
| Guard Tower | 3 |  | 
| Arcane Sanctum | 1 |  | 
| Workshop | 1 |  | 
| Castle | 2 |  | 
| Gryphon Aviary | 1 |  | 
| Town Hall | 1 |  | 
                35 total
 » build order
                00:22 Altar of Kings
00:36 Farm
00:39 Farm
00:51 Barracks
01:07 Lumber Mill
01:45 Farm
01:58 Arcane Vault
02:43 Blacksmith
02:50 Farm
03:27 Keep
03:52 Farm
05:02 Scout Tower
05:05 Scout Tower
05:29 Arcane Tower
05:29 Arcane Tower
05:32 Farm
06:09 Guard Tower
06:09 Guard Tower
06:15 Arcane Sanctum
06:20 Workshop
08:35 Farm
08:36 Farm
09:13 Castle
09:14 Castle
09:34 Farm
09:35 Farm
09:36 Farm
09:43 Farm
12:33 Gryphon Aviary
17:05 Scout Tower
17:07 Scout Tower
17:08 Scout Tower
17:08 Scout Tower
18:50 Town Hall
20:49 Guard Tower
» items
                
                | Scroll of Regeneration | 4 |  | 
| Potion of Healing | 1 |  | 
| Scroll of Town Portal | 4 |  | 
| Scroll of Healing | 1 |  | 
| Boots of Speed | 3 |  | 
                13 total
  
               
              
              
CobbsLeftCleat (
green | 48 APM | 2338 actions | 49:05)
              
 10 Archmage 
 3 Summon Water Elemental
 3 Brilliance Aura
 1 Mass Teleport
 3 Blizzard
 
                » actions 
                
                | Assign group hotkey | 110 |  | 
| Basic commands | 162 |  | 
| Build / train | 94 |  | 
| Enter build submenu | 66 |  | 
| Enter hero's abilities submenu | 10 |  | 
| Give item / drop item | 15 |  | 
| Right click | 820 |  | 
| Select / deselect | 534 |  | 
| Select group hotkey | 306 |  | 
| Use ability | 221 |  | 
                2338 total
 » units 
                
                | Peasant | 13 |  | 
| Footman | 4 |  | 
| Gryphon Rider | 14 |  | 
                31 total
 » upgrades
                
                | Lumber Harvesting | 2 |  | 
| Masonry | 3 |  | 
| Storm Hammers | 1 |  | 
| Animal War Training | 1 |  | 
| Swords | 3 |  | 
| Armor | 3 |  | 
| Cloud | 1 |  | 
| Magic Sentry | 1 |  | 
                15 total
 » buildings
                
                | Altar of Kings | 1 |  | 
| Barracks | 1 |  | 
| Farm | 10 |  | 
| Arcane Vault | 5 |  | 
| Keep | 1 |  | 
| Lumber Mill | 4 |  | 
| Scout Tower | 41 |  | 
| Arcane Tower | 5 |  | 
| Castle | 1 |  | 
| Guard Tower | 10 |  | 
| Gryphon Aviary | 4 |  | 
| Blacksmith | 2 |  | 
| Town Hall | 2 |  | 
| Arcane Sanctum | 1 |  | 
                88 total
 » build order
                00:54 Altar of Kings
00:55 Barracks
00:57 Farm
00:58 Farm
01:04 Farm
01:34 Farm
02:16 Arcane Vault
03:28 Keep
04:15 Lumber Mill
04:28 Lumber Mill
05:00 Scout Tower
05:25 Scout Tower
05:26 Scout Tower
05:27 Scout Tower
05:28 Scout Tower
05:30 Arcane Tower
05:35 Scout Tower
05:36 Scout Tower
05:50 Castle
06:06 Guard Tower
06:10 Guard Tower
06:11 Farm
06:14 Farm
06:22 Gryphon Aviary
06:22 Gryphon Aviary
06:55 Gryphon Aviary
07:39 Farm
10:06 Blacksmith
10:32 Blacksmith
13:15 Town Hall
13:25 Scout Tower
13:25 Scout Tower
13:26 Scout Tower
13:26 Scout Tower
13:34 Scout Tower
13:35 Scout Tower
13:35 Scout Tower
13:40 Arcane Vault
13:43 Arcane Vault
13:59 Guard Tower
14:07 Guard Tower
14:40 Guard Tower
17:22 Town Hall
17:26 Arcane Vault
17:29 Arcane Vault
17:31 Scout Tower
17:31 Scout Tower
17:32 Scout Tower
17:32 Scout Tower
17:33 Scout Tower
17:34 Scout Tower
17:34 Scout Tower
17:35 Scout Tower
17:37 Scout Tower
17:37 Scout Tower
17:38 Scout Tower
17:40 Scout Tower
18:04 Guard Tower
18:27 Guard Tower
18:29 Guard Tower
18:36 Lumber Mill
18:39 Lumber Mill
19:40 Guard Tower
20:47 Scout Tower
20:47 Scout Tower
20:49 Scout Tower
20:50 Scout Tower
20:51 Scout Tower
20:53 Scout Tower
20:53 Scout Tower
22:59 Guard Tower
23:07 Farm
23:08 Farm
23:09 Farm
24:00 Gryphon Aviary
33:32 Arcane Sanctum
35:32 Scout Tower
35:35 Scout Tower
35:46 Scout Tower
35:48 Scout Tower
35:48 Scout Tower
35:49 Scout Tower
35:51 Scout Tower
35:52 Scout Tower
36:04 Arcane Tower
36:05 Arcane Tower
36:19 Arcane Tower
37:54 Arcane Tower
» items
                
                | Scroll of Regeneration | 5 |  | 
| Mechanical Critter | 4 |  | 
| Scroll of Town Portal | 1 |  | 
| Staff of Sanctuary | 1 |  | 
| Potion of Healing | 1 |  | 
| Ivory Tower | 3 |  | 
| Staff of Teleportation | 1 |  | 
| Potion of Invisibility | 1 |  | 
| Periapt of Vitality | 1 |  | 
| Potion of Lesser Invulnerability | 1 |  | 
| Dust of Appearance | 1 |  | 
                20 total
  
               
              
              
» 
infinitejest (
purple | 32 APM | 1904 actions | 60:21)
              
 5 Dark Ranger 
 3 Black Arrow
 1 Silence
 1 Life Drain
 
                » actions 
                
                | Assign group hotkey | 32 |  | 
| Basic commands | 5 |  | 
| Build / train | 48 |  | 
| Enter build submenu | 14 |  | 
| Enter hero's abilities submenu | 6 |  | 
| Remove unit from queue | 3 |  | 
| Right click | 1119 |  | 
| Select / deselect | 474 |  | 
| Select group hotkey | 152 |  | 
| Use ability | 51 |  | 
                1904 total
 » units 
                
                | Acolyte | 2 |  | 
| Ghoul | 10 |  | 
| Crypt Fiend | 1 |  | 
| Obsidian Statue | 3 |  | 
| Abomination | 4 |  | 
                20 total
 » upgrades
                
                | Unholy Strength | 3 |  | 
| Unholy Armor | 3 |  | 
| Disease Cloud | 1 |  | 
| Destroyer Form | 1 |  | 
                8 total
 » buildings
                
                | Crypt | 2 |  | 
| Altar of Darkness | 1 |  | 
| Ziggurat | 5 |  | 
| Nerubian Tower | 1 |  | 
| Graveyard | 1 |  | 
| Spirit Tower | 2 |  | 
| Tomb of Relics | 1 |  | 
| Halls of the Dead | 1 |  | 
| Slaughterhouse | 2 |  | 
| Black Citadel | 1 |  | 
                17 total
 » build order
                00:52 Crypt
00:54 Crypt
01:00 Altar of Darkness
01:04 Ziggurat
02:05 Nerubian Tower
02:08 Ziggurat
02:11 Graveyard
03:38 Spirit Tower
03:53 Tomb of Relics
05:44 Ziggurat
05:45 Halls of the Dead
06:42 Spirit Tower
08:28 Slaughterhouse
08:30 Slaughterhouse
11:01 Black Citadel
13:53 Ziggurat
16:32 Ziggurat
» items
                
                | Rod of Necromancy | 1 |  | 
| Dust of Appearance | 2 |  | 
| Scroll of Town Portal | 1 |  | 
| Potion of Healing | 1 |  | 
                5 total
  
               
              
              
darkside (
pink | 14 APM | 802 actions | 57:00)
              
 6 Archmage 
 3 Summon Water Elemental
 2 Brilliance Aura
 1 Mass Teleport
 
                » actions 
                
                | Basic commands | 1 |  | 
| Build / train | 59 |  | 
| Enter build submenu | 28 |  | 
| Enter hero's abilities submenu | 6 |  | 
| Give item / drop item | 3 |  | 
| Right click | 349 |  | 
| Select / deselect | 304 |  | 
| Use ability | 52 |  | 
                802 total
 » units 
                
                | Peasant | 10 |  | 
| Footman | 11 |  | 
| Gryphon Rider | 10 |  | 
                31 total
 » upgrades
                
                | Masonry | 2 |  | 
| Swords | 3 |  | 
| Lumber Harvesting | 2 |  | 
| Storm Hammers | 1 |  | 
| Armor | 1 |  | 
| Animal War Training | 1 |  | 
                10 total
 » buildings
                
                | Altar of Kings | 1 |  | 
| Barracks | 1 |  | 
| Farm | 12 |  | 
| Scout Tower | 7 |  | 
| Arcane Tower | 1 |  | 
| Lumber Mill | 1 |  | 
| Guard Tower | 5 |  | 
| Keep | 1 |  | 
| Blacksmith | 1 |  | 
| Arcane Vault | 1 |  | 
| Castle | 1 |  | 
| Gryphon Aviary | 2 |  | 
                34 total
 » build order
                00:06 Altar of Kings
00:13 Barracks
00:26 Farm
00:41 Farm
01:30 Farm
02:16 Scout Tower
02:50 Scout Tower
03:21 Arcane Tower
03:40 Scout Tower
03:44 Lumber Mill
04:08 Guard Tower
05:10 Keep
05:21 Scout Tower
05:31 Blacksmith
05:40 Arcane Vault
06:04 Guard Tower
06:17 Farm
07:15 Scout Tower
08:21 Castle
08:24 Guard Tower
08:31 Gryphon Aviary
09:27 Farm
10:12 Gryphon Aviary
11:57 Farm
12:44 Farm
13:53 Farm
15:32 Farm
17:40 Farm
20:07 Scout Tower
20:45 Farm
20:48 Guard Tower
23:16 Farm
24:55 Scout Tower
29:15 Guard Tower
» items
                
                | Scroll of Town Portal | 1 |  | 
| Orb of Fire | 1 |  | 
| Potion of Healing | 1 |  | 
                3 total
  
               team 2 (loser) 
              
              
Muradin (
blue | 44 APM | 2676 actions | 60:21)
              
 9 Blademaster 
 3 Wind Walk
 3 Critical Strike
 2 Bladestorm
 1 Mirror Image
 3 Tauren Chieftain 
 1 War Stomp
 2 Endurance Aura
 
                » actions 
                
                | Assign group hotkey | 8 |  | 
| Basic commands | 66 |  | 
| Build / train | 108 |  | 
| Enter build submenu | 27 |  | 
| Enter hero's abilities submenu | 12 |  | 
| Give item / drop item | 4 |  | 
| Remove unit from queue | 1 |  | 
| Right click | 1726 |  | 
| Select / deselect | 495 |  | 
| Select group hotkey | 8 |  | 
| Use ability | 221 |  | 
                2676 total
 » units 
                
                | Peon | 27 |  | 
| Grunt | 11 |  | 
| Shaman | 2 |  | 
| Tauren | 3 |  | 
| Troll Batrider | 10 |  | 
| Wind Rider | 8 |  | 
                61 total
 » upgrades
                
                | Berserker Strength | 1 |  | 
| Shaman Training | 1 |  | 
| Pulverize | 1 |  | 
| Envenomed Spears | 1 |  | 
                4 total
 » buildings
                
                | Altar of Storms | 2 |  | 
| Orc Burrow | 10 |  | 
| Barracks | 1 |  | 
| Voodoo Lounge | 2 |  | 
| Stronghold | 2 |  | 
| War Mill | 1 |  | 
| Fortress | 2 |  | 
| Spirit Lodge | 1 |  | 
| Tauren Totem | 2 |  | 
| Great Hall | 2 |  | 
| Beastiary | 1 |  | 
                26 total
 » build order
                00:09 Altar of Storms
00:21 Orc Burrow
00:38 Barracks
01:22 Voodoo Lounge
01:55 Orc Burrow
03:42 Orc Burrow
04:49 Stronghold
04:49 Stronghold
05:32 War Mill
07:13 Fortress
09:31 Spirit Lodge
12:06 Tauren Totem
12:07 Tauren Totem
17:55 Orc Burrow
17:56 Orc Burrow
18:00 Orc Burrow
18:23 Orc Burrow
18:23 Orc Burrow
19:55 Great Hall
20:15 Orc Burrow
20:20 Voodoo Lounge
20:59 Beastiary
27:10 Great Hall
32:07 Altar of Storms
32:08 Orc Burrow
» items
                
                | Healing Salve | 4 |  | 
| Lesser Clarity Potion | 2 |  | 
| Potion of Healing | 5 |  | 
| Scroll of Town Portal | 5 |  | 
| Tiny Great Hall | 1 |  | 
| Orb of Lightning | 2 |  | 
                19 total
  
               
              
              
caterpillar (
orange | 59 APM | 921 actions | 15:36)
              
 5 Blademaster 
 3 Wind Walk
 2 Critical Strike
 
                » actions 
                
                | Build / train | 45 |  | 
| Enter build submenu | 17 |  | 
| Enter hero's abilities submenu | 5 |  | 
| Right click | 520 |  | 
| Select / deselect | 260 |  | 
| Use ability | 73 |  | 
                921 total
 » units 
                » upgrades
                
                | Berserker Strength | 1 |  | 
| Melee Weapons | 2 |  | 
| Ensnare | 1 |  | 
| Armor | 1 |  | 
| Pillage | 1 |  | 
                6 total
 » buildings
                
                | Altar of Storms | 2 |  | 
| Orc Burrow | 8 |  | 
| Barracks | 1 |  | 
| Voodoo Lounge | 1 |  | 
| Stronghold | 1 |  | 
| War Mill | 1 |  | 
| Fortress | 2 |  | 
| Beastiary | 2 |  | 
                18 total
 » build order
                00:23 Altar of Storms
00:24 Altar of Storms
00:31 Orc Burrow
01:01 Barracks
02:03 Orc Burrow
02:08 Voodoo Lounge
02:59 Stronghold
03:13 Orc Burrow
04:40 Orc Burrow
04:58 War Mill
06:22 Fortress
06:22 Fortress
06:49 Beastiary
06:51 Beastiary
11:35 Orc Burrow
11:37 Orc Burrow
11:39 Orc Burrow
11:41 Orc Burrow
» items
                 
               
              
              
TOILET-CLEANER (
yellow | 53 APM | 3184 actions | 60:21)
              
 8 Blademaster 
 3 Wind Walk
 3 Critical Strike
 1 Bladestorm
 1 Mirror Image
 4 Shadow Hunter 
 2 Hex
 2 Healing Wave
 
                » actions 
                
                | Assign group hotkey | 33 |  | 
| Basic commands | 160 |  | 
| Build / train | 84 |  | 
| Enter build submenu | 37 |  | 
| Enter hero's abilities submenu | 12 |  | 
| Give item / drop item | 2 |  | 
| Remove unit from queue | 4 |  | 
| Right click | 1286 |  | 
| Select / deselect | 352 |  | 
| Select group hotkey | 890 |  | 
| Use ability | 324 |  | 
                3184 total
 » units 
                
                | Peon | 19 |  | 
| Troll Batrider | 11 |  | 
| Wind Rider | 2 |  | 
                32 total
 » upgrades
                
                | Ranged Weapons | 2 |  | 
| Reinforced Defenses | 1 |  | 
| Liquid Fire | 1 |  | 
| Armor | 2 |  | 
| Ensnare | 1 |  | 
| Melee Weapons | 1 |  | 
| Pillage | 1 |  | 
| Envenomed Spears | 1 |  | 
                10 total
 » buildings
                
                | Altar of Storms | 1 |  | 
| Orc Burrow | 6 |  | 
| War Mill | 1 |  | 
| Voodoo Lounge | 1 |  | 
| Stronghold | 1 |  | 
| Watch Tower | 36 |  | 
| Fortress | 2 |  | 
| Beastiary | 4 |  | 
| Great Hall | 3 |  | 
                55 total
 » build order
                00:06 Altar of Storms
00:23 Orc Burrow
00:41 War Mill
01:12 Voodoo Lounge
02:09 Stronghold
02:30 Watch Tower
02:50 Watch Tower
03:16 Watch Tower
03:21 Watch Tower
03:52 Orc Burrow
04:21 Orc Burrow
04:56 Fortress
04:56 Fortress
05:13 Beastiary
05:47 Beastiary
05:54 Watch Tower
05:54 Watch Tower
06:15 Orc Burrow
10:27 Watch Tower
10:28 Watch Tower
10:28 Watch Tower
10:29 Watch Tower
10:53 Great Hall
12:13 Watch Tower
12:13 Watch Tower
12:14 Watch Tower
12:19 Beastiary
13:06 Orc Burrow
14:27 Orc Burrow
14:43 Great Hall
15:08 Beastiary
15:15 Watch Tower
15:47 Watch Tower
15:47 Watch Tower
15:47 Watch Tower
16:11 Watch Tower
16:12 Watch Tower
17:02 Watch Tower
17:03 Watch Tower
17:03 Watch Tower
17:04 Watch Tower
17:16 Watch Tower
18:27 Watch Tower
18:28 Watch Tower
20:52 Watch Tower
22:59 Watch Tower
22:59 Watch Tower
22:59 Watch Tower
23:00 Watch Tower
30:08 Great Hall
34:09 Watch Tower
34:09 Watch Tower
34:09 Watch Tower
34:10 Watch Tower
34:15 Watch Tower
» items
                
                | Healing Salve | 2 |  | 
| Lesser Clarity Potion | 2 |  | 
| Staff of Teleportation | 2 |  | 
| Orb of Lightning | 1 |  | 
| Scroll of Town Portal | 3 |  | 
| Potion of Mana | 1 |  | 
| Potion of Lesser Invulnerability | 1 |  | 
| Scroll of Healing | 1 |  | 
                13 total
  
               
              
              
vertigo.flowers (
teal | 65 APM | 1337 actions | 20:24)
              
 4 Archmage 
 2 Summon Water Elemental
 2 Brilliance Aura
 2 Mountain King 
 1 Storm Bolt
 1 Bash
 
                » actions 
                
                | Assign group hotkey | 146 |  | 
| Build / train | 79 |  | 
| Enter build submenu | 25 |  | 
| Enter hero's abilities submenu | 6 |  | 
| Give item / drop item | 1 |  | 
| Remove unit from queue | 1 |  | 
| Right click | 521 |  | 
| Select / deselect | 188 |  | 
| Select group hotkey | 289 |  | 
| Use ability | 81 |  | 
                1337 total
 » units 
                
                | Peasant | 7 |  | 
| Footman | 8 |  | 
| Rifleman | 6 |  | 
| Mortar Team | 3 |  | 
| Flying Machine | 6 |  | 
                30 total
 » upgrades
                
                | Lumber Harvesting | 1 |  | 
| Masonry | 1 |  | 
| Gunpowder | 1 |  | 
| Armor | 1 |  | 
| Long Rifles | 1 |  | 
| Fragmentation Shards | 1 |  | 
| Flak Cannons | 1 |  | 
| Flying Machine Bombs | 1 |  | 
| Plating | 1 |  | 
                9 total
 » buildings
                
                | Altar of Kings | 1 |  | 
| Farm | 8 |  | 
| Barracks | 2 |  | 
| Lumber Mill | 1 |  | 
| Blacksmith | 1 |  | 
| Arcane Vault | 1 |  | 
| Scout Tower | 5 |  | 
| Guard Tower | 8 |  | 
| Keep | 2 |  | 
| Arcane Tower | 1 |  | 
| Workshop | 3 |  | 
| Castle | 2 |  | 
                35 total
 » build order
                00:58 Altar of Kings
01:02 Farm
01:13 Barracks
01:44 Farm
02:04 Lumber Mill
02:32 Farm
03:21 Farm
03:40 Blacksmith
04:07 Arcane Vault
04:33 Barracks
04:56 Scout Tower
05:15 Farm
05:36 Guard Tower
05:36 Guard Tower
05:39 Scout Tower
05:59 Farm
06:30 Keep
06:30 Keep
06:45 Guard Tower
06:45 Guard Tower
06:47 Scout Tower
07:21 Scout Tower
07:22 Guard Tower
07:23 Guard Tower
08:11 Guard Tower
08:11 Guard Tower
08:21 Scout Tower
08:49 Arcane Tower
09:09 Workshop
11:35 Workshop
12:13 Castle
12:13 Castle
13:37 Farm
16:11 Farm
17:52 Workshop
» items
                
                | Scroll of Regeneration | 2 |  | 
| Healing Salve | 1 |  | 
| Lesser Clarity Potion | 2 |  | 
| Scroll of Town Portal | 3 |  | 
| Orb of Lightning | 1 |  | 
| Potion of Healing | 1 |  | 
| Scroll of Speed | 1 |  | 
                11 total
  
                Chat log
          (00:18 / Allies) Muradin: go with me orange
(00:27 / Allies) caterpillar: ok daddy-o
(00:40 / Allies) caterpillar: bm harass, grunts to raiders
(01:17 / Allies) vertigo.flowers: few secs late
(01:18 / Allies) vertigo.flowers: sorry
(02:21 / Allies) Muradin: gogoogg
(02:44 / Allies) Muradin: go orange
(02:59 / Allies) Muradin: not ud
(04:11 / Allies) caterpillar: out
(04:11 / Allies) caterpillar: out
(04:14 / Allies) caterpillar: hero
(04:33 / All) infinitejest: man move your foots and target his fucking hero with tower
(04:37 / All) caterpillar: ^
(04:41 / All) caterpillar: Rektified
(04:53 / All) Junkie_Cum_SIut: i did well there
(05:01 / All) infinitejest: u always do well slut
(05:05 / Allies) Muradin: why didnt u guys hit there
(05:08 / Allies) TOILET-CLEANER: teal was afk
(05:10 / Allies) Muradin: while me and orange were bot
(05:13 / All) Junkie_Cum_SIut: make me feel warm inside
(05:24 / Allies) TOILET-CLEANER: wood plz
(05:25 / Allies) TOILET-CLEANER: 100
(05:27 / Allies) vertigo.flowers: lets go hit yellow
(05:34 / All) infinitejest: dont make me blush
(05:34 / Allies) TOILET-CLEANER: no lets hit bottom
(05:35 / Allies) TOILET-CLEANER: come
(05:58 / Allies) TOILET-CLEANER: meet
(06:04 / Allies) Muradin: u have
(06:06 / Allies) Muradin: 4 towers
(06:07 / Allies) Muradin: no units
(06:37 / Allies) caterpillar: hit pink?
(06:47 / Allies) Muradin: ya
(07:11 / Allies) vertigo.flowers: nah
(07:48 / Allies) TOILET-CLEANER: BEHIND
(07:54 / All) TOILET-CLEANER: pink am
(08:02 / Allies) caterpillar: ouit
(08:02 / Allies) caterpillar: out
(08:25 / Allies) caterpillar: omg yellow
(08:27 / Allies) TOILET-CLEANER: getting bats
(08:33 / Allies) caterpillar: why
(08:36 / Allies) caterpillar: their bases are towered up
(08:38 / Allies) TOILET-CLEANER: relax 
(09:17 / Allies) Muradin: creep mid
(09:37 / Allies) vertigo.flowers: going
(10:12 / Allies) TOILET-CLEANER: wood
(10:56 / Allies) vertigo.flowers: tp
(10:57 / Allies) vertigo.flowers: tp
(11:51 / All) infinitejest: WHAT
(11:52 / All) infinitejest: WHAWT
(11:52 / All) infinitejest: WHAT
(11:53 / All) infinitejest: WHAWT
(11:59 / All) caterpillar: i delay hacked u
(12:19 / Allies) Muradin: cc
(12:22 / Allies) TOILET-CLEANER: wood
(12:23 / Allies) TOILET-CLEANER: wood
(12:41 / Allies) vertigo.flowers: need tp
(12:59 / All) infinitejest: i mean i fucked up
(13:01 / All) infinitejest: but stil
(13:06 / All) infinitejest: i thought i had it
(13:26 / Allies) Muradin: wood plz
(13:40 / Allies) Muradin: wood me
(13:55 / Allies) caterpillar: wtf yellolw
(13:58 / Allies) caterpillar: no troops all game
(14:00 / Allies) caterpillar: u havent done shit
(14:33 / Allies) TOILET-CLEANER: leave it
(14:34 / Allies) Muradin: aor
(14:34 / Allies) Muradin: help
(14:35 / Allies) Muradin: air
(14:38 / Allies) Muradin: my expo
(14:39 / Allies) Muradin: yellow
(14:47 / Allies) Muradin: useless
(15:22 / Allies) caterpillar: holy fuck
(15:32 / Allies) Muradin: yellow
(15:33 / Allies) Muradin: plz
(15:34 / Allies) Muradin: help
(15:34 / Allies) caterpillar: fucking useless
(15:35 / Allies) caterpillar: retard
(15:35 / All) CobbsLeftCleat: rekt
(16:09 / All) infinitejest: man hero revs take WAY too long
(17:24 / Allies) vertigo.flowers: do something with those fucking bats
(17:25 / Allies) vertigo.flowers: ffs
(18:25 / Allies) Muradin: need wood
(18:30 / Allies) vertigo.flowers: its over
(18:48 / Allies) Muradin: he has 4k gold
(18:53 / Allies) Muradin: help
(18:54 / Allies) vertigo.flowers: share that gold 
(18:55 / Allies) Muradin: my base
(18:55 / Allies) Muradin: now
(18:56 / Allies) vertigo.flowers: yellow
(18:57 / Allies) Muradin: tp
(18:58 / Allies) Muradin: yellow
(18:59 / Allies) Muradin: plz
(19:23 / Allies) Muradin: to'
(19:24 / Allies) Muradin: tp
(19:51 / Allies) vertigo.flowers: haha
(20:09 / All) infinitejest: comeon gg
(20:21 / All) vertigo.flowers: fuck you
(20:27 / All) infinitejest: lol
(20:33 / All) darkside: get raped
(22:35 / All) infinitejest: bitch
(22:54 / All) infinitejest: NO
(22:57 / All) infinitejest: BY NICE TO MY DESTROS
(23:00 / All) infinitejest: THIS GAME IS DONE :((
(23:20 / Allies) TOILET-CLEANER: wood
(26:10 / Allies) TOILET-CLEANER: mk
(26:10 / Allies) TOILET-CLEANER: gogo
(27:01 / Allies) Muradin: need wood
(29:02 / Allies) TOILET-CLEANER: focus pink am
(29:06 / Allies) TOILET-CLEANER: wait
(29:09 / Allies) TOILET-CLEANER: almost htere
(29:13 / Allies) TOILET-CLEANER: go
(29:25 / Allies) Muradin: nhex
(29:31 / All) infinitejest: WOW
(29:33 / All) infinitejest: I CANT GET A FUCKING TP
(29:37 / All) infinitejest: CAUSE GREEN HAS 8K
(29:39 / All) infinitejest: AND WONT GIVE ME 400G
(29:43 / All) darkside: wow wtf green 
(29:43 / All) infinitejest: 400 GOLD
(29:44 / All) CobbsLeftCleat: Fake news
(29:45 / All) darkside: we lost
(29:46 / All) infinitejest: TO GET A FUCKING TP
(29:47 / All) infinitejest: WE LOST
(29:49 / All) infinitejest: CAUSE THIS GUY
(29:51 / All) infinitejest: IS THE BIGGEST NOOB
(29:57 / All) CobbsLeftCleat: you should have expanded
(29:58 / Allies) Muradin: orange
(29:59 / Allies) Muradin: base
(30:00 / Allies) Muradin: now
(30:02 / All) CobbsLeftCleat: then you wouldn't be in this predicament
(30:07 / All) infinitejest: ok green
(30:09 / All) infinitejest: play this game
(30:10 / All) infinitejest: to lose
(30:10 / Allies) Muradin: tp
(30:11 / Allies) Muradin: to
(30:12 / Allies) Muradin: orange
(30:13 / All) infinitejest: that's real cool
(30:22 / Allies) Muradin: yellow
(30:22 / All) CobbsLeftCleat: I'm not a bank, guys, jeez
(30:28 / All) infinitejest: you've already made that joke
(30:35 / All) infinitejest: nobody can expand cause our bases got attacked
(31:08 / All) TOILET-CLEANER: lawl
(31:15 / All) TOILET-CLEANER: get wrecked, red
(31:17 / All) TOILET-CLEANER: get wrecked, purple
(31:41 / Allies) Muradin: why dont u wreck that army
(31:43 / Allies) Muradin: yellow
(31:44 / Allies) Muradin: ?
(31:46 / Allies) TOILET-CLEANER: whose
(31:50 / Allies) Muradin: green
(31:53 / Allies) TOILET-CLEANER: oh him
(32:45 / All) infinitejest: green plays this game
(32:47 / All) infinitejest: cause it's funny
(32:51 / All) infinitejest: waste. of. time
(33:03 / All) infinitejest: you can be funny, and win
(33:08 / All) infinitejest: or you can be a joke yourself
(33:17 / All) TOILET-CLEANER: dude giv eus credit
(33:20 / All) TOILET-CLEANER: we beat u 2v4
(33:21 / All) CobbsLeftCleat: we got a philosopher over here
(33:22 / All) CobbsLeftCleat: jack handy
(33:27 / All) infinitejest: GREEN HAS 12k
(33:39 / All) infinitejest: AND MY BASE WAS DEAD BEFORE IT WAS 2V4
(33:42 / All) darkside: green is basically a tker
(34:02 / All) infinitejest: Green is a waste.
(34:06 / All) darkside: too late
(34:08 / All) infinitejest: A failure at life
(34:19 / All) infinitejest: this is the reason
(34:21 / All) infinitejest: this mentality
(34:26 / All) infinitejest: because you're a fucking joke
(34:42 / All) TOILET-CLEANER: nobody ever gives me credit
(34:47 / All) TOILET-CLEANER: i did great this game
(34:49 / All) infinitejest: you're a stud
(34:52 / All) TOILET-CLEANER: and nbodoy says "good job yellow"
(34:54 / All) infinitejest: but you took advantage of someone
(34:56 / All) infinitejest: who literally plays
(34:57 / All) infinitejest: NOT
(35:00 / All) infinitejest: To do a good job
(35:08 / All) infinitejest: who gets no satisfaction
(35:11 / All) infinitejest: From doing anything properly
(35:37 / All) infinitejest: being adaptive, and thinking how to overcome a situation, regardless of the medium
(35:41 / All) infinitejest: is a valuable asset green
(35:48 / All) infinitejest: even though it's a game
(35:50 / All) infinitejest: you suck.
(36:14 / All) CobbsLeftCleat: I've had enough of your fortune cookie wisdom
(36:17 / All) CobbsLeftCleat: shut your mouth and beat it, bub
(36:25 / All) infinitejest: my wisdom makes perfectly logical sense
(36:28 / All) infinitejest: reducing it
(36:30 / All) infinitejest: just proves
(36:33 / All) infinitejest: you're hurt by it
(36:40 / All) infinitejest: and don't call me bub
(36:43 / All) infinitejest: you old AF weirdo
(36:43 / All) darkside: green u will get molested by yellow and oj
(36:52 / All) infinitejest: you're a fucking bum
(36:59 / All) infinitejest: it bleeds out of your playstyle
(37:11 / All) CobbsLeftCleat: I've just about had it up to here with your backbiting, sport
(37:12 / All) infinitejest: cause gold in a game is just gold in a agme
(37:19 / All) CobbsLeftCleat: You shut your mouth or you're getting a time out
(37:19 / All) infinitejest: now you're trying to act like
(37:24 / All) infinitejest: it was all part of your schtick
(37:27 / All) infinitejest: fucking pathetic
(37:33 / All) infinitejest: it's easy not to type how you actually think
(37:39 / Allies) TOILET-CLEANER: tank blue
(37:44 / Allies) TOILET-CLEANER: so i can bladestorm
(37:48 / Allies) Muradin: no
(38:00 / Allies) TOILET-CLEANER: tank mana tower
(38:21 / All) infinitejest: THE TOILET CLEANERS NEVER GET ANY CREDIT DAMN IT!
(39:07 / All) TOILET-CLEANER: shoulda tanked towers like i said blue
(39:10 / All) TOILET-CLEANER: karma
(39:29 / All) darkside: u guys will never get credit for this
(39:31 / All) TOILET-CLEANER: u guys keep blaming green, i have 10k gold too
(39:54 / All) darkside: take out green then 
(40:01 / All) TOILET-CLEANER: yes sir
(41:05 / All) infinitejest: NO
(41:08 / All) infinitejest: LEAVE REDS TANK ALONE
(41:11 / All) infinitejest: HE'S THE ENGINE THAT COULD
(41:15 / All) infinitejest: HE'S TRYING THANK YOU
(41:21 / All) infinitejest: YOU'RE A BEAUTIFUL PERSON
(41:34 / All) infinitejest: it's ok slut, you're a champion 
(41:37 / All) infinitejest: as far as i'm concerned
(41:41 / All) Junkie_Cum_SIut: i agree
(41:43 / All) Junkie_Cum_SIut: 100%
(41:47 / All) infinitejest: green is killing himself now
(41:48 / All) infinitejest: LOL
(41:55 / All) infinitejest: GUY IS A JOKE. NOT FUNNY. NOT GOOD
(41:56 / All) TOILET-CLEANER: so am i
(42:18 / All) Junkie_Cum_SIut: oh i get it
(42:25 / All) Junkie_Cum_SIut: u two are some of those gay duos
(42:32 / All) CobbsLeftCleat: the ambiguously gay duo
(42:33 / All) Muradin: LOL
(42:34 / All) Junkie_Cum_SIut: that play the entire game
(42:34 / All) infinitejest: they even look like twins
(42:35 / All) Junkie_Cum_SIut: and tk
(42:37 / All) Junkie_Cum_SIut: at the end
(42:45 / All) infinitejest: LOLOLOL
(42:49 / All) infinitejest: ITS EVEN WORSE
(42:49 / All) darkside: hahhahahahahaa
(42:51 / All) infinitejest: THAN I IMAGINED
(43:05 / All) darkside: now will u please kill green
(43:18 / All) darkside: stop being such bitches and attack
(44:12 / All) TOILET-CLEANER: shall we do a standoff?
(44:18 / All) CobbsLeftCleat: Aye, we shall!
(44:43 / All) TOILET-CLEANER: listen up, this game was rigged- me and green are in league with each other
(45:26 / All) TOILET-CLEANER: both me and green are leaving the game in 5 min
(45:37 / All) infinitejest: and so it begins.
(45:38 / All) TOILET-CLEANER: all units will be killed, whoever stays longest, wins
(45:47 / All) infinitejest: well i'm on the phone
(46:00 / All) infinitejest: and will probably lose
(46:07 / All) CobbsLeftCleat: bad luck, mate
(46:08 / All) infinitejest: GOOD LUCK TO THE WINNER
(46:08 / All) CobbsLeftCleat: bad luck
(46:27 / All) infinitejest: Green, you're really cool. I'd examine your life, and decide whether you agree with me.
(46:38 / All) CobbsLeftCleat: I agree I'm really cool
(46:41 / All) infinitejest: :D
(47:24 / All) TOILET-CLEANER: standoff done my side
(47:37 / All) CobbsLeftCleat: why you killing ur tower
(48:57 / All) CobbsLeftCleat: yep looks good
(49:01 / All) CobbsLeftCleat: Good luck, gents
(49:09 / All) infinitejest: no you didn't kill yellows th genius...
(49:18 / All) TOILET-CLEANER: wat
(49:23 / All) TOILET-CLEANER: now we are equal, we have no units
(49:24 / All) infinitejest: omg
(49:28 / All) infinitejest: WE DONT KNOW THAT
(49:30 / All) infinitejest: YOU HAVE A TH
(49:34 / All) darkside: fuckin dumbass
(49:45 / All) infinitejest: YOU GUYS CANT EVEN DO YOUR GAY HEIST RIGHT
(49:55 / All) TOILET-CLEANER: wat
(49:58 / All) darkside: lol they fuckin stupid
(50:01 / All) infinitejest: LOL
(50:02 / All) TOILET-CLEANER: how are we stupid
(50:06 / All) infinitejest: LOL
(50:07 / All) TOILET-CLEANER: we rigged this game
(50:11 / All) infinitejest: LOLOL
(50:12 / All) TOILET-CLEANER: riggedlike the nba
(50:17 / All) infinitejest: YEAH
(50:20 / All) infinitejest: DAVID STERN NBA
(50:22 / All) infinitejest: NOT ADAM SILVER
(50:23 / All) infinitejest: YOU FUCKING NOOB
(50:31 / All) darkside: u suck yellow
(50:31 / All) infinitejest: don't even know...anything. omg
(51:05 / All) TOILET-CLEANER: silver is stern's cronie
(51:08 / All) TOILET-CLEANER: he 100% rigs it too
(51:11 / All) infinitejest: you
(51:12 / All) infinitejest: don't
(51:14 / All) infinitejest: know
(51:14 / All) infinitejest: shit
(51:15 / All) infinitejest: about
(51:16 / All) infinitejest: basketball
(51:33 / All) infinitejest: you and green
(51:36 / All) infinitejest: are fucking morons
(51:37 / All) TOILET-CLEANER: i know im the better wc3 player which means i have more knowledge about the nba
(51:40 / All) infinitejest: get this in your head.
(51:45 / All) infinitejest: no
(51:51 / All) infinitejest: it's a mentality
(51:59 / All) infinitejest: about not wasting your time trying to fuck with people
(52:01 / All) infinitejest: time out of your day
(52:02 / All) TOILET-CLEANER: would you say green is the perfect human being?
(52:06 / All) infinitejest: that mentality 
(52:08 / All) infinitejest: is stupid.
(52:15 / All) infinitejest: it's reminiscent of the troll culture
(52:16 / All) infinitejest: going on today
(52:22 / All) infinitejest: which is fucking stupid.
(52:29 / All) infinitejest: trolling was fun
(52:30 / All) infinitejest: when i was 12
(52:34 / All) TOILET-CLEANER: this isnt trolling, we beat u guys 2v6, fair ans square
(52:37 / All) darkside: fuck this u guys are faggots
(52:39 / All) infinitejest: LOL
(52:42 / All) infinitejest: toilet-cleaner
(52:46 / All) infinitejest: you. are. a. fool.
(52:49 / All) infinitejest: first of all
(52:54 / All) infinitejest: we weren't playing the same 'game' as you
(53:12 / All) infinitejest: we didn't have prior plans or in-game chat with each other with the knowledge of public chat, team chat, and the private cheat
(53:13 / All) TOILET-CLEANER: you're being unfair
(53:13 / All) infinitejest: chat
(53:18 / All) infinitejest: you had significant advantages
(53:20 / All) TOILET-CLEANER: we're being given no credit here
(53:29 / All) TOILET-CLEANER: 2v6 is admirable
(53:32 / All) darkside: u deserve no credit
(53:41 / All) darkside: it was rigged from the start like u said
(53:49 / All) infinitejest: it wasn't admirable because you didn't win 2v6 on an even playing field
(53:50 / All) infinitejest: genius
(54:05 / All) infinitejest: and the even playing field
(54:09 / All) infinitejest: isn't about skill
(54:16 / All) infinitejest: it's literally about the private plan, and private chat
(54:25 / All) infinitejest: it's about taking both expos
(54:29 / All) infinitejest: which allies do in games
(54:34 / All) TOILET-CLEANER: element of surprise is a trait you need to account for, which you did not
(54:34 / All) infinitejest: but the expectation is that they'll pool
(54:56 / All) infinitejest: element of surprise is something that should be accounted sure, but this is a game, with rules
(55:05 / All) infinitejest: we shouldn't be scrutinized for following them
(55:11 / All) infinitejest: you should be looked at as desperate
(55:12 / All) infinitejest: For breaking them
(55:19 / All) infinitejest: and you should be looked at as weird
(55:25 / All) infinitejest: for thinking you deserve credit for your ability to break them
(55:33 / All) infinitejest: congratulations
(55:36 / All) TOILET-CLEANER: do u have any messange for green?  He is talking to me on discord right now.  u too pink?
(55:37 / All) infinitejest: you've OVERTHOUGH WARCRAFT 3
(55:48 / All) infinitejest: no. i have nothing but good wishes for him
(55:52 / All) infinitejest: he's already proven himself to be a strange
(55:55 / All) infinitejest: individual
(55:59 / All) infinitejest: that's all i needed to know.
(56:33 / All) infinitejest: you can laugh at what i say, all you want
(56:37 / All) infinitejest: and reduce it into nothing
(56:41 / All) infinitejest: because you're both too insecure
(56:44 / All) infinitejest: to face the reality
(56:49 / All) infinitejest: that you're both fucking weired
(56:51 / All) darkside: im out fellas
(56:51 / All) infinitejest: Weird*
(57:09 / All) infinitejest: and it most likely affects your ability to live outside the game too
(57:13 / All) infinitejest: and that's ok
(57:15 / All) infinitejest: people are weird
(57:26 / All) infinitejest: i'm happy knowing that two people i officially dislike are weird, but who cares what i think
(57:31 / All) infinitejest: i'm playing this game too
(57:33 / All) infinitejest: b/c it's fun
(57:35 / All) infinitejest: and addicting
(57:50 / All) infinitejest: you have over-played it clearly
(58:08 / All) infinitejest: what do you say in response?
(58:14 / All) infinitejest: you're allowed to debate back you know
(58:29 / All) TOILET-CLEANER: was in bathroom
(58:36 / All) infinitejest: you can check chat..
(58:45 / All) TOILET-CLEANER: i still think ur dumb for thinking silver is not rigging nba, stern "firing" was so obviously staged
(58:54 / All) infinitejest: that is so obviously stupid
(58:57 / All) infinitejest: i won't acknowledge it
(59:06 / All) TOILET-CLEANER: a rich billionaire "on the phone with his girlfriend"
(59:07 / All) infinitejest: As a serious point, and rather, an attempt to showcase that you're viewing this situation
(59:08 / All) infinitejest: lightly
(59:08 / All) TOILET-CLEANER: yea right
(59:13 / All) infinitejest: rather than deeply like i am
(59:17 / All) infinitejest: well, for me, this is light
(59:21 / All) infinitejest: i can type all fucking day
(60:17 / All) TOILET-CLEANER: gonna leave u 2 at it, blue vs purple for chapionship